 Dungeon Crawl Stone Soup version 0.20.1-1-g8b1a95d (webtiles) character file.

4335 Jail the Fighter (level 10, -1/160 HPs)
             Began as an Ogre Hunter on Sept 9, 2017.
             Was a Believer of Okawaru.
             Slain by a killer bee (3 damage)
             ... on level 8 of the Dungeon.
             The game lasted 00:51:00 (10275 turns).

Jail the Fighter (Ogre Hunter)                     Turns: 10275, Time: 00:51:00

Health: -1/160     AC: 28    Str: 18    XL:     10   Next: 33%
Magic:  8/10       EV:  1    Int: 12    God:    Okawaru [**....]
Gold:   183        SH:  0    Dex: 10    Spells: 9/9 levels left

rFire    . . .     SeeInvis .   E - +2 whip (drain)
rCold    . . .     Gourm    .   (no shield)
rNeg     + + +     Faith    .   (armour currently unavailable)
rPois    +         Spirit   .   (helmet currently unavailable)
rElec    .         Reflect  .   (cloak currently unavailable)
rCorr    .         Harm     .   (gloves unavailable)
MR       +....     NoTele   +   (boots unavailable)
Stlth    +.........             (no amulet)
Regen    0.4/turn               m - ring of teleportation (curse)
MPRegen  0.2/turn               G - +3 ring of protection

@: lethally poisoned (-1 -> -2), tree-form
A: unfitting armour, clumsy 1
a: Heroism, Renounce Religion


You were on level 8 of the Dungeon.
You worshipped Okawaru.
Okawaru was pleased with you.
You were not hungry.
You were a tree.
You visited 2 branches of the dungeon, and saw 9 of its levels.
You also visited: Ossuary.

You collected 695 gold pieces.
You spent 512 gold pieces at shops.

Inventory:

Hand Weapons
 a - a +0 short sword
 g - a +5 hunting sling
 j - a +0 giant spiked club
 n - a +2 whip of electrocution
 E - a +2 whip of draining (weapon)
 I - a +0 morningstar
Missiles
 i - 393 stones
 u - 3 large rocks (quivered)
 w - a sling bullet
 M - 15 poisoned needles
Armour
 b - a +1 robe (melded)
 K - a scarf of spirit shield (melded)
Jewellery
 m - a cursed ring of teleportation (left branch)
 p - an uncursed ring of protection from magic {unknown}
 t - an uncursed ring of stealth {unknown}
 G - a +3 ring of protection (right branch)
Wands
 q - a wand of digging (11/24)
 v - a wand of random effects (34/48)
 O - a wand of polymorph (11/24)
Scrolls
 d - 2 scrolls of magic mapping
 e - 3 scrolls of enchant armour
 k - a scroll of blinking
 x - 2 scrolls of immolation
 y - 5 scrolls of amnesia
 D - 3 scrolls of teleportation
 J - 2 scrolls of recharging
 L - 3 scrolls of identify
Potions
 c - a potion of haste
 h - 3 potions of brilliance
 o - a potion of lignification
 r - a potion of ambrosia
 B - a potion of curing
 C - 2 potions of might
 H - a potion of flight
Books
 F - a book of Minor Magic

   Spells                             Type                      Level
   a - Magic Dart                     Conjuration                  1
   b - Blink                          Translocation                2
   c - Call Imp                       Summoning                    2
   d - Slow                           Hexes                        2
   e - Conjure Flame                  Conjuration/Fire             3
   f - Mephitic Cloud                 Conjuration/Poison/Air       3
 N - a book of Conjurations

   Spells                             Type                      Level
   a - Magic Dart                     Conjuration                  1
   b - Searing Ray                    Conjuration                  2
   c - Dazzling Spray                 Conjuration/Hexes            3
   d - Fulminant Prism                Conjuration/Hexes            4
   e - Force Lance                    Conjuration/Translocation    4
   f - Iskenderun's Mystic Blast      Conjuration                  4
Comestibles
 f - 6 bread rations
 l - 4 royal jellies
 s - 2 meat rations
 A - 5 fruits


   Skills:
 + Level 9.5 Fighting
 * Level 6.3 Maces & Flails
 * Level 9.2 Throwing
 + Level 6.8 Dodging
 - Level 0.6 Stealth


You had 9 spell levels left.
You didn't know any spells.

Dungeon Overview and Level Annotations

Branches:
Dungeon (8/15)             Temple (1/1) D:6
   Lair: D:8-11

Altars:
Ashenzari
Cheibriados
Dithmenos
Elyvilon
Fedhas
Gozag
Hepliaklqana
Kikubaaqudgha
Makhleb
Nemelex Xobeh
Okawaru
Qazlal
Ru
Sif Muna
Trog
Uskayaw
Vehumet
Xom
Yredelemnul
Zin
The Shining One

Shops:
D:6 =:   D:8 [


Innate Abilities, Weirdness & Mutations

You are too large for most types of armour.
((You have tough skin. (AC +1)))
((You have a pair of antennae on your head.))
You are clumsy. (Dex -2)
((Armour fits poorly on your strangely shaped body.))


Message History

The killer bee is almost dead.
The killer bee stings you but does no damage. x2
The killer bee stings you.
* * * LOW HITPOINT WARNING * * *
The killer bee stings you but does no damage.
The killer bee stings you.
* * * LOW HITPOINT WARNING * * *
The killer bee barely misses you.
You closely miss the killer bee.
The killer bee is almost dead.
You feel sick. The killer bee stings you.
* * * LOW HITPOINT WARNING * * *
The killer bee stings you but does no damage. x3
The killer bee stings you.
* * * LOW HITPOINT WARNING * * *
The killer bee stings you but does no damage. x2
The killer bee stings you.
* * * LOW HITPOINT WARNING * * *
The killer bee stings you.
You die...

.#.......<...# . ......#÷.....#..
.......##..y....# #
.....#...#......# .##y#
.##............# ###....#
....#.........## #.yy..#
......##......##### #.yy.....#
....##........#y..# #..y.......
.##...........hy♣.# #........y.
.####......###.yyy# ...........
................S... ............
.#.##...................#...#...#
....#.........#...###############
..................#
##.##.............#
#.##..............
##.##..............


You could see a hound, 5 killer bees and an adder.

Vanquished Creatures
  A two-headed ogre (D:4)
  Grinder (D:3)
  2 ice beasts
  2 orc warriors (D:7)
  A sky beast (D:7)
  2 phantoms
  A necrophage (D:7)
  4 ogres
  5 centaurs
  Blork the orc (D:6)
  3 bullfrogs
  A scorpion (D:7)
  5 killer bees
  A water moccasin skeleton (D:5)
  2 centaur zombies
  2 crimson imps (D:3)
  A quasit (D:7)
  Crazy Yiuf (D:7)
  A bullfrog skeleton (D:7)
  2 hounds
  A centaur skeleton (D:5)
  3 jellies
  7 orc priests
  9 orc wizards
  Jessica (D:2)
  2 iguanas (D:7)
  6 worker ants
  A hound zombie (D:6)
  A hound skeleton (D:5)
  8 mummies (Ossuary)
  2 worker ant zombies
  4 gnolls (D:4)
  6 adders
  3 shadow imps
  An adder zombie (D:5)
  3 adder skeletons
  4 worms
  A dart slug (D:4)
  8 leopard geckos
  26 orcs
  3 giant cockroaches
  A gnoll zombie (Ossuary)
  12 goblins
  2 hobgoblins (D:3)
  12 jackals
  8 kobolds
  6 quokkas
  2 ball pythons
  7 bats
  5 frilled lizards
  2 hobgoblin zombies (Ossuary)
  A kobold zombie (Ossuary)
  4 orc zombies (Ossuary)
  17 rats
218 creatures vanquished.

Notes
Turn   | Place    | Note
-------+----------+-------------------------------------------
     0 | D:1      | Jail the Ogre Hunter began the quest for the Orb.
     0 | D:1      | Reached XP level 1. HP: 22/22 MP: 1/1
   131 | D:1      | Reached XP level 2. HP: 19/31 MP: 2/2
  1017 | D:1      | Reached XP level 3. HP: 29/37 MP: 3/3
  1679 | D:2      | Noticed Jessica
  1682 | D:2      | Killed Jessica
  1682 | D:2      | Reached XP level 4. HP: 48/48 MP: 4/4
  2305 | D:3      | Found a white marble altar of Elyvilon.
  2466 | D:3      | Noticed Grinder
  2474 | D:3      | Killed Grinder
  2474 | D:3      | Reached skill level 5 in Fighting
  2474 | D:3      | Reached skill level 1 in Maces & Flails
  2474 | D:3      | Reached skill level 5 in Throwing
  2474 | D:3      | Reached XP level 5. HP: 36/57 MP: 5/5
  2474 | D:3      | Reached XP level 6. HP: 42/66 MP: 6/6
  3035 | D:4      | Found a sand-covered staircase.
  3038 | D:4      | Noticed a two-headed ogre
  3318 | D:4      | Killed a two-headed ogre
  3318 | D:4      | Reached skill level 5 in Dodging
  3318 | D:4      | Reached XP level 7. HP: 56/78 MP: 7/7
  3318 | D:4      | Reached XP level 8. HP: 63/87 MP: 8/8
  3342 | Ossuary  | Entered an ossuary
  3749 | Ossuary  | Gained mutation: You have a pair of small horns on your head. [potion of mutation]
  3749 | Ossuary  | Gained mutation: You are clumsy. (Dex -2) [potion of mutation]
  3749 | Ossuary  | Gained mutation: You are somewhat resistant to further mutation. [potion of mutation]
  3959 | D:4      | Found a snail-covered altar of Cheibriados.
  4646 | D:5      | Entered Level 5 of the Dungeon
  5416 | D:5      | Reached XP level 9. HP: 37/96 MP: 9/9
  6851 | D:6      | Found Emeos's Book Shop.
  6859 | D:6      | Bought a book of Minor Magic for 260 gold pieces
  6937 | D:6      | Found Bihopith's Jewellery Shoppe.
  6947 | D:6      | Bought a +3 ring of protection for 252 gold pieces
  7402 | D:6      | Found a staircase to the Ecumenical Temple.
  7466 | Temple   | Entered the Ecumenical Temple
  7555 | Temple   | Became a worshipper of Warmaster Okawaru
  7684 | D:6      | Noticed Blork the orc
  7691 | D:6      | Killed Blork the orc
  7798 | D:6      | Reached skill level 5 in Maces & Flails
  8366 | D:7      | Reached * piety under Okawaru
  8536 | D:7      | Found a runed door.
  8540 | D:7      | Noticed Crazy Yiuf
  8542 | D:7      | Killed Crazy Yiuf
  8822 | D:7      | Reached XP level 10. HP: 100/107 MP: 8/10
  9600 | D:7      | Reached ** piety under Okawaru
 10071 | D:8      | Lost mutation: You have a pair of small horns on your head. [potion of mutation]
 10071 | D:8      | Lost mutation: You are somewhat resistant to further mutation. [potion of mutation]
 10071 | D:8      | Gained mutation: You have a pair of small antennae on your head. [potion of mutation]
 10071 | D:8      | Gained mutation: Armour fits poorly on your strangely shaped body. [potion of mutation]
 10071 | D:8      | Gained mutation: You have a pair of antennae on your head. [potion of mutation]
 10155 | D:8      | Found Yhiemek's Antique Armour Boutique.
 10274 | D:8      | HP: 8/160 [killer bee (1)]
 10275 | D:8      | HP: 2/160 [killer bee (2)]
 10275 | D:8      | Slain by a killer bee

Skill      XL: |  1  2  3  4  5  6  7  8  9 10 |
---------------+-------------------------------+-----
Fighting       | 3 5 7 8 9 |  9.5
Dodging        | 2 3 5 6 |  6.8
Maces & Flails | 1 2 3 5 6 |  6.3
Throwing       | 5 6 7 8 9 |  9.2
Stealth        | |  0.6

Action                   |  1- 3 |  4- 6 |  7- 9 | 10-12 || total
-------------------------+-------+-------+-------+-------++-------
Melee: Short sword       |    67 |       |       |       ||    67
       Hunting sling     |     1 |     1 |     2 |       ||     4
       Giant spiked club |       |       |     5 |       ||     5
       Whip              |       |       |    96 |   229 ||   325
       Headbutt          |       |       |    15 |    17 ||    32
 Fire: Hunting sling     |    43 |    98 |   284 |       ||   425
Throw: Large rock        |     6 |    15 |    27 |     5 ||    53
       Throwing net      |       |     2 |     1 |       ||     3
       Stone             |       |       |     1 |       ||     1
  Use: Scroll            |     3 |       |    13 |     3 ||    19
       Potion            |     1 |     4 |     5 |     7 ||    17
 Stab: Sleeping          |     2 |       |       |       ||     2
  Eat: Chunk             |     2 |     3 |    14 |     5 ||    24
       Meat ration       |       |     1 |       |       ||     1
Armor: Robe              |    33 |    27 |    50 |    96 ||   206
       Skin              |       |       |       |   134 ||   134
Dodge: Dodged            |    63 |    31 |   125 |   171 ||   390
